Map: Hard Lead LE

Players

FoxeR - Winner!

  • Race: Terran Terran
  • Spawn Location: 11:00

Dolan

  • Race: Terran Terran
  • Spawn Location: 5:00

Event: ESL SC2 Masters 2023 Winter (Finals)

VOD

Have the link to the VOD?

Description

Time

  • Played on: Dec. 15, 2023, 10:45 a.m.
  • Length: 10:48

All games in this series

Show
View Real Time Build Order
Export as new Build Order

FoxeR Terran - Winner!

Build Orders: Cyclone Opening 

Get SALT Encoding   

  12  0:00  SCV  
  13  0:12  SCV  
  14  0:17  Supply Depot  
  14  0:24  SCV  
  15  0:38  SCV  
  15  0:40  Barracks  
  16  0:43  Refinery  
  16  0:50  SCV  
  16  0:53  Refinery  
  17  1:02  SCV  
  18  1:15  SCV  
  19  1:27  Reaper  
  19  1:28  Orbital Command  
  19  1:30  Supply Depot  
  20  1:42  Factory  
  20  1:53  SCV  
  21  1:59  Reaper  
  22  2:06  SCV  
  22  2:18  SCV  
  23  2:26  Command Center  
  23  2:30  SCV  
  23  2:36  Cyclone  
  25  2:37  Reaper  
  25  2:42  SCV  
  27  2:48  Starport  
  27  2:54  SCV  
  27  2:55  Supply Depot  
  28  3:06  SCV  
  28  3:09  Cyclone  
  31  3:16  Barracks Reactor  
  31  3:18  SCV  
  32  3:25  Medivac  
  34  3:30  SCV  
  35  3:39  Refinery  
  35  3:42  SCV  
  35  3:44  Factory Tech Lab  
  36  3:54  SCV  
  37  3:56  Marine x2  
  37  3:57  Starport Tech Lab  
  37  3:59  Orbital Command  
  39  4:05  Siege Tank  
  39  4:07  SCV  
  43  4:10  Supply Depot  
  45  4:17  Raven  
  45  4:19  SCV  
  45  4:21  Marine  
  45  4:22  Marine  
  45  4:24  Orbital Command  
  48  4:27  SCV  
  48  4:31  SCV  
  42  4:39  Marine  
  42  4:43  SCV  
  41  4:47  Siege Tank  
  41  4:48  Marine  
  41  4:51  SCV  
  46  4:55  SCV  
  46  4:57  Marine  
  48  5:01  Raven  
  48  5:03  SCV  
  51  5:09  SCV  
  51  5:10  Marine  
  51  5:16  SCV  
  51  5:19  Siege Tank  
  52  5:23  SCV  
  52  5:28  Command Center  
  52  5:29  SCV  
  55  5:39  SCV  
  55  5:40  Barracks  
  55  5:42  SCV  
  55  5:44  Supply Depot  
  55  5:45  Starport Reactor  
  55  5:51  SCV  
  55  5:52  Stimpack  
  55  5:54  Barracks  
  57  5:57  SCV  
  57  6:00  Siege Tank  
  60  6:05  SCV, Marine  
  60  6:08  Supply Depot  
  60  6:09  SCV  
  63  6:16  Engineering Bay  
  63  6:18  SCV  
  64  6:21  SCV  
  64  6:24  Engineering Bay  
  65  6:27  Marine x2  
  65  6:29  Refinery  
  65  6:30  SCV  
  68  6:33  Starport Reactor, Marine  
  69  6:40  Siege Tank  
  69  6:41  SCV  
  69  6:43  Terran Infantry Weapons Level 1  
  69  6:45  Marine  
  74  6:47  Marine  
  74  6:51  Marine  
  75  6:56  Marine, SCV  
  75  6:57  Supply Depot  
  75  6:58  Terran Infantry Armor Level 1, Marine  
  75  6:59  SCV  
  79  7:02  Marine  
  79  7:05  Marine  
  81  7:11  Orbital Command  
  81  7:12  SCV x2  
  81  7:14  Medivac x2  
  87  7:24  SCV  
  87  7:25  Barracks  
  87  7:26  Barracks, SCV  
  87  7:29  Marine  
  90  7:32  Marine x2  
  90  7:36  Supply Depot, SCV  
  93  7:38  SCV  
  93  7:41  SCV  
  93  7:43  Marine  
  94  7:44  Marine  
  94  7:45  Sensor Tower  
  94  7:48  SCV  
  94  7:50  SCV  
  96  7:51  Medivac x2  
  96  7:53  SCV  
  101  8:00  SCV  
  101  8:01  Combat Shield  
  101  8:02  Marine x2  
  101  8:03  Marine, SCV  
  106  8:05  SCV  
  106  8:10  Marine x2  
  106  8:12  SCV  
  109  8:18  Barracks Reactor x2  
  109  8:20  Supply Depot  
  109  8:22  Marine, Armory, Supply Depot  
  109  8:26  Marine  
  111  8:27  SCV  
  111  8:28  Marine x2, SCV  
  111  8:30  Supply Depot  
  115  8:38  SCV  
  115  8:39  Supply Depot  
  115  8:40  SCV  
  116  8:46  Supply Depot  
  116  8:47  Supply Depot  
  116  8:48  SCV, Supply Depot  
  114  8:50  SCV  
  114  8:52  SCV  
  114  8:54  Marine x2  
  114  8:55  Medivac x2  
  122  8:58  Marine x6  
  122  9:01  Marine, SCV  
  127  9:11  Siege Tank  
  127  9:13  Marine x2  
  127  9:16  Marine x5  
  137  9:18  Sensor Tower, Marine  
  133  9:25  Marine  
  133  9:31  Marine x2  
  135  9:41  Medivac x2  
  135  9:45  Factory, Command Center, Refinery  
  133  9:52  Marine x2  
  135  9:53  Siege Tank  
  135  9:56  SCV  
  135  9:57  Marine  
  140  10:00  Marine x2  
  140  10:03  Barracks Reactor  
  140  10:06  Marine  
  136  10:11  Marine x4  
  136  10:12  Medivac  
  141  10:15  Marine  
  141  10:16  Refinery  
  141  10:18  Marine x2  
  144  10:24  Marine  
  148  10:29  Marine x4  
Show
View Real Time Build Order
Export as new Build Order

Dolan Terran 

Build Orders: Cyclone Opening 

Get SALT Encoding   

  12  0:00  SCV  
  13  0:13  SCV  
  14  0:17  Supply Depot  
  14  0:25  SCV  
  15  0:39  Barracks, SCV  
  16  0:43  Refinery  
  16  0:51  SCV  
  16  0:52  Refinery  
  17  1:03  SCV  
  18  1:15  SCV  
  19  1:26  Reaper  
  19  1:27  Orbital Command  
  19  1:28  Supply Depot  
  20  1:41  Factory  
  21  1:54  SCV  
  21  1:58  Reaper  
  22  2:06  SCV  
  23  2:18  SCV  
  24  2:26  Command Center  
  24  2:36  Barracks Reactor, Cyclone  
  26  2:37  SCV  
  27  2:49  Supply Depot  
  27  2:52  SCV  
  27  2:53  Starport  
  28  3:07  SCV  
  29  3:19  SCV  
  30  3:21  Cyclone x2  
  30  3:22  Barracks Tech Lab  
  34  3:33  SCV  
  35  3:38  Refinery  
  35  3:39  Orbital Command  
  35  3:45  Raven, SCV  
  38  3:55  Cyclone x2  
  42  3:57  SCV  
  43  4:04  SCV  
  43  4:08  Interference Matrix  
  43  4:09  Barracks Tech Lab  
  44  4:11  SCV  
  44  4:14  Supply Depot  
  44  4:16  SCV  
  46  4:23  SCV  
  47  4:29  SCV  
  44  4:33  Raven  
  43  4:41  SCV x2  
  41  4:53  SCV x2  
  41  4:54  Siege Tank, Marine x2  
  44  5:16  SCV x2  
  44  5:26  Starport Reactor  
  44  5:27  Command Center  
  44  5:33  Marine, SCV x2  
  44  5:34  Stimpack  
  47  5:37  Siege Tank  
  50  5:45  SCV x2  
  52  5:52  Barracks  
  52  5:57  SCV x2  
  52  5:59  Barracks  
  54  6:09  SCV x2  
  56  6:14  Starport Reactor  
  56  6:16  Siege Tank  
  59  6:21  SCV x2  
  59  6:23  Engineering Bay  
  59  6:25  Engineering Bay  
  61  6:28  Marine  
  62  6:37  Supply Depot, Refinery  
  62  6:39  Orbital Command, SCV x2  
  64  6:51  SCV x2  
  66  6:55  Marine x5  
  66  6:57  Orbital Command  
  66  6:58  Siege Tank  
  66  7:00  Terran Infantry Weapons Level 1, Terran Infantry Armor Level 1  
  73  7:03  SCV x2  
  73  7:08  Medivac x2  
  79  7:13  Marine  
  79  7:14  Marine x4  
  84  7:20  SCV  
  85  7:23  Supply Depot  
  85  7:27  SCV x2  
  87  7:34  Marine x3  
  87  7:35  Marine x2  
  92  7:37  Supply Depot  
  92  7:45  Siege Tank  
  92  7:49  Medivac  
  92  7:50  Combat Shield, Medivac  
  99  7:52  Marine x2  
  101  7:59  Marine x3  
  101  8:02  Barracks  
  101  8:03  Barracks  
  104  8:11  Marine x2  
  101  8:15  SCV x2  
  101  8:16  SCV  
  101  8:17  Marine x3  
  107  8:29  Marine x2  
  109  8:41  Marine  
  109  8:44  Marine x2  
  109  8:51  Barracks Reactor x2, SCV x3, Marine x2  
  109  8:52  Armory  
  112  8:59  Marine  
  113  9:04  Supply Depot, SCV x3  
  113  9:05  Sensor Tower, Supply Depot  
  107  9:16  Marine, SCV x3  
  111  9:18  Marine  
  111  9:19  Marine x3  
  105  9:27  Marine x3  
  105  9:28  Marine  
  105  9:29  SCV x3  
  112  9:34  Marine  
  112  9:36  Marine x2  
  112  9:37  Marine x2  
  100  9:45  Marine x4  
  99  9:49  Siege Tank, Medivac x2  
  99  9:52  Marine  
  111  9:54  Marine x3  
  114  10:03  Marine x4  
  113  10:10  Marine  
  113  10:12  Marine x3  
  111  10:17  Factory  
  111  10:21  Marine x4  
  108  10:25  Barracks Reactor  
  108  10:27  Marine, SCV x3  
  114  10:30  Marine x3  
Tags
 
Add a new tag
Caveats
  • Supply blocks, unpowered buildings, or Contaminate may cause inaccurate times.
  • Supply counts are checked every 10 seconds.